 Dungeon Crawl Stone Soup version 0.26-a0-54-g15ccc7ae60 (webtiles) character file.

Game seed: 9030575099574339209

126 Ozzies the Shield-Bearer (level 4, -1/40 HPs)
             Began as a Minotaur Fighter on June 7, 2020.
             Killed by nerve-wracking pain
             ... invoked by an orc priest
              (4 damage)
             ... on level 3 of the Dungeon.
             The game lasted 00:08:14 (2393 turns).

Ozzies the Shield-Bearer (Minotaur Fighter)         Turns: 2393, Time: 00:08:16

Health: -1/40      AC: 10    Str: 22    XL:     4   Next: 84%
Magic:  3/3        EV:  3    Int:  5    God:
Gold:   85         SH:  8    Dex:  9    Spells: 3/3 levels left

rFire    . . .     SeeInvis .   a - +0 war axe
rCold    . . .     Gourm    .   c - +0 kite shield
rNeg     . . .     Faith    .   j - +0 plate armour (curse)
rPois    .         Spirit   .   (helmet restricted)
rElec    .         Reflect  .   (no cloak)
rCorr    .         Harm     .   (no gloves)
MR       .....                  (no boots)
Stlth    ..........             (no amulet)
HPRegen  0.13/turn              (no ring)
MPRegen  0.08/turn              (no ring)

@: no status effects
A: retaliatory headbutt, horns 2
a: no special abilities


You were on level 3 of the Dungeon.
You were not hungry.

You visited 1 branch of the dungeon, and saw 3 of its levels.

You collected 85 gold pieces.

Inventory:

Hand Weapons
 a - a +0 war axe (weapon)
Armour
 b - a +0 scale mail
 c - a +0 kite shield (worn)
 j - a cursed +0 plate armour (worn)
Scrolls
 g - a scroll of teleportation {unknown}
 h - 3 scrolls of amnesia {unknown}
 k - a scroll of remove curse
 m - a scroll of identify {unknown}
 n - a scroll of enchant weapon {unknown}
 o - a scroll of fog {unknown}
 r - a scroll of enchant armour {unknown}
Potions
 d - 3 potions of might
 e - 2 potions of brilliance {unknown}
 i - a potion of berserk rage {unknown}
 l - 2 potions of curing {unknown}
 p - a potion of flight {unknown}
 q - a potion of cancellation {unknown}
Comestibles
 f - 4 rations


   Skills:
 + Level 4.1(2.0) Fighting
 + Level 4.3(2.1) Axes
 + Level 4.1(2.0) Armour
 + Level 0.1(0.0) Dodging
 + Level 4.9(2.4) Shields


You had 3 spell levels left.
You didn't know any spells.
Your spell library was empty.

Dungeon Overview and Level Annotations

Branches:
Dungeon (3/15)

Altars:
Ashenzari


Innate Abilities, Weirdness & Mutations

You reflexively headbutt those who attack you in melee.
You have a pair of horns on your head.


Message History

* * * LOW HITPOINT WARNING * * *
You are too injured to fight recklessly!
You are too injured to fight recklessly!
You are too injured to fight recklessly!
You closely miss the orc priest. You headbutt the orc priest.
The orc priest is almost dead.
The orc priest hits you but does no damage.
The orc priest hits you with a +0 club.
* * * LOW HITPOINT WARNING * * *
You closely miss the orc priest.
The orc priest is almost dead.
The orc priest hits you but does no damage.
You closely miss the orc priest. Your headbutt misses the orc priest.
The orc priest is almost dead.
The orc priest invokes the aid of Beogh against you.
Pain shoots through your body!
* * * LOW HITPOINT WARNING * * *
The orc priest invokes the aid of Beogh against you.
Pain shoots through your body!
You die...

#.# #.# #.# #.# #.# #.#
.# #.# #.# #.# #<# #.#
#.# #### #.# #.# #.#
#.... #.#####.# #.#
%.....####.......#####.#
......o@...............#
......###############..#
..... #... .##. #.## #
#.# #######.# ##....†..#
##...#######
#...........


You could see an orc priest.

Vanquished Creatures
  Robin (D:3)
  3 adders
  A worm (D:3)
  5 dart slugs
  2 leopard geckos
  3 orcs (D:3)
  A ball python (D:1)
  11 bats
  5 giant cockroaches
  10 goblins
  7 hobgoblins
  3 jackals (D:1)
  7 kobolds
  4 frilled lizards
  4 rats
67 creatures vanquished.

Notes
Turn   | Place    | Note
-------+----------+-------------------------------------------
     0 | D:1      | Ozzies the Minotaur Fighter began the quest for the Orb.
     0 | D:1      | Reached XP level 1. HP: 19/19 MP: 0/0
   137 | D:1      | Reached XP level 2. HP: 25/27 MP: 1/1
   599 | D:1      | Reached XP level 3. HP: 30/33 MP: 2/2
  1326 | D:2      | Found a faded altar of an unknown god.
  1329 | D:2      | Became a worshipper of Ashenzari the Shackled
  1329 | D:2      | Reached * piety under Ashenzari
  1332 | D:2      | Fell from the grace of Ashenzari
  1467 | D:2      | Reached XP level 4. HP: 40/40 MP: 3/3
  2145 | D:3      | Noticed Robin
  2164 | D:3      | Killed Robin
  2393 | D:3      | Killed from afar by an orc priest

Illustrated notes

Levels and vault maps discovered:
D:1:      minmay_arrival_up_and_down, layout_basic
D:2:      layout_rooms, chequers_ecumenical_altar_grove
D:3:      layout_loops_ring, gup_sewer_entry_pipe, uniq_robin

Skill      XL: |  1  2  3  4 |
---------------+-------------+-----
Shields        | 4 |  4.9
Axes           | 3 4 |  4.3
Armour         | 4 |  4.1
Fighting       | 4 |  4.1
Dodging        | |  0.1

Action                   |  1- 3 |  4- 6 || total
-------------------------+-------+-------++-------
Melee: War axe           |    97 |    91 ||   188
       Headbutt          |    11 |    12 ||    23
Invok: Renounce Religion |     1 |       ||     1
  Eat: Chunk             |     2 |     3 ||     5
Armor: Scale mail        |    13 |       ||    13
       Plate armour      |    70 |    71 ||   141
Dodge: Dodged            |    22 |    18 ||    40
Block: Kite shield       |    71 |    58 ||   129

Table legend:
 A = Non-vault XP
 B = Vault XP
 C = Vault XP percentage of total XP
 D = Non-vault monster count
 E = Vault monster count
 F = Vault count percentage of total count
                 A         B        C        D         E       F
            +---------+---------+-------+---------+---------+-------
      Total |     150 |      31 |  17.1 |      57 |      10 |  14.9
            +---------+---------+-------+---------+---------+-------
        D:1 |      59 |       0 |   0.0 |      29 |       0 |   0.0
        D:2 |      48 |       0 |   0.0 |      14 |       0 |   0.0
        D:3 |      43 |      31 |  41.9 |      14 |      10 |  41.7
            +---------+---------+-------+---------+---------+-------
